 Dungeon Crawl Stone Soup version 0.32-a0-128-g77eb882913 (webtiles) character file.

Game seed: 320429036068254736

174 BubbleThief the Ruffian (level 5, -4/36 HPs)
             Began as an Octopode Shapeshifter on Feb 8, 2024.
             Slain by a sleepcap (6 damage)
             ... on level 4 of the Dungeon.
             The game lasted 00:03:19 (2442 turns).

BubbleThief the Ruffian (Octopode Shapeshifter)     Turns: 2442, Time: 00:03:20

Health: -4/36      AC:  1    Str: 15    XL:     5   Next: 54%
Magic:  5/5        EV: 13    Int: 13    God:
Gold:   217        SH:  0    Dex: 11    Spells: 4/4 levels left

rFire   + .          .
                       - Unarmed
rCold   . . .        (no shield)
rNeg    . . .        (helmet currently unavailable)
rPois   .            (no amulet)
rElec   .            i - ring of protection from fire
rCorr   .            o - ring of wizardry
SInv    .            (no ring)
Will    .....        (no ring)
Stlth   ++           (no ring)
HPRegen 0.26/turn    (no ring)
MPRegen 0.09/turn    (no ring)
                     (no ring)

%: wizardry (x1)
@: beast-form
A: beast (slay +2), almost no armour, amphibious, 8 rings, camouflage 1,
gelatinous body 1, (nimble swimmer 1), tentacles
a: Begin Untransformation


You were on level 4 of the Dungeon.
You were a hulking beast.
You visited 1 branch of the dungeon, and saw 4 of its levels.

You collected 217 gold pieces.

Inventory:

Jewellery
 i - a ring of protection from fire (left tentacle)
 o - a ring of wizardry (right tentacle)
Talismans
 b - a beast talisman
 c - a flux talisman
Scrolls
 e - 4 scrolls of amnesia {unknown}
 f - 2 scrolls of revelation {unknown}
 g - 2 scrolls of poison {unknown}
 h - a scroll of blinking {unknown}
 j - 7 scrolls of identify {unknown}
 k - a scroll of enchant armour {unknown}
 m - a scroll of noise {unknown}
 q - 2 scrolls of immolation {unknown}
 r - 2 scrolls of teleportation {unknown}
 s - 2 scrolls of brand weapon {unknown}
Potions
 a - 2 potions of lignification
 d - 2 potions of magic {unknown}
 l - a potion of invisibility {unknown}
 n - 2 potions of enlightenment {unknown}
 p - a potion of ambrosia {unknown}
 t - a potion of might {unknown}
 u - a potion of cancellation {unknown}


   Skills:
 + Level 3.0 Fighting
 - Level 2.0 Dodging
 + Level 4.2 Unarmed Combat
 + Level 4.0 Shapeshifting


You had 4 spell levels left.
You didn't know any spells.
Your spell library contained the following spells:

 Spells                   Type           Power      Damage    Failure   Level
 Necrotise                Necr           0%         1d4       12%         1
 Cigotuvi's Dreadful Rot  Necr/Alch/Air  0%         N/A       19%         2
 Gell's Gravitas          Tloc           0%         N/A       34%         3
 Teleport Other           Tloc           0%         N/A       34%         3
 Dispersal                Tloc           0%         N/A       100%        6
 Death's Door             Necr           0%         N/A       100%        9


Dungeon Overview and Level Annotations

Branches:
Dungeon (4/15)
 Temple: D:4-7

Altars:

Shops:
D:2 ==?:=


Innate Abilities, Weirdness & Mutations

You are a hulking beast.
Your limbs bulge with bestial killing power. (Slay +2)
You cannot wear most types of armour.
You are amphibious.
You can wear up to eight rings at the same time.
Your skin changes colour to match your surroundings (Stealth+).
Your rubbery body absorbs attacks. (AC +1, EV +1)
((You are camouflaged when in or above water. (Stealth+)))
You have tentacles for arms and can constrict up to eight enemies at once.


Message History

The jackal misses you. The jackal closely misses you.
You bludgeon the jackal!
You kill the jackal!
The jackal bites you.
You completely miss the jackal. Your grab misses the jackal.
The jackal bites you.
You completely miss the jackal. You grab the jackal. You squeeze the jackal.
The jackal is almost dead.
You constrict the jackal.
You kill the jackal!
The jackal barely misses you.
You tentacle-slap the jackal but do no damage.
Your grab misses the jackal. Your squeeze misses the jackal.
The jackal barely misses you.
You closely miss the jackal. Your grab misses the jackal. The jackal bites you.
You tentacle-slap the jackal but do no damage.
You grab the jackal. You squeeze the jackal.
You kill the jackal!
You tentacle-slap the sleepcap but do no damage.
You grab the sleepcap. You constrict the sleepcap.
The sleepcap releases spores at you!
You are engulfed in a cloud of soporific spores!
You fall asleep.
You lose your grip on the sleepcap.
The sleepcap releases spores at you!!
You wake up.
Ouch! That really hurt!
* * * LOW HITPOINT WARNING * * *
You are engulfed in a cloud of soporific spores!
You are unaffected.
The orc wizard mumbles some strange words.
The orc wizard flickers and vanishes!
Deactivating autopickup; reactivate with Ctrl-A.
Unknown command.
Okay, then.
You tentacle-slap the sleepcap. You grab the sleepcap.
You tentacle-slap the sleepcap, but do no damage.
The sleepcap is moderately damaged.
You constrict the sleepcap, but do no damage.
The sleepcap releases spores at you.
You die...

####........
.......###.# ####..
.......# ..... ...>####
.... ....# #.### ...
....# ####...###.. o
....####.......... ..
..............##.# ...
###...........##h# ....
#...........##f### .....
#.............{..#......
#........).....#..#
#..............##..#
#..............# .....
#...........#### .....#
######......# .#.....
##.....# .#.#.#.


You could see a sleepcap.

Vanquished Creatures
  A jelly (D:4)
  An iguana (D:4)
  An orc wizard (D:3)
  2 adders
  3 dart slugs
  A ribbon worm (D:3)
  7 orcs
  5 ball pythons
  3 endoplasms (D:1)
  A giant cockroach (D:2)
  3 hobgoblins
  3 jackals (D:4)
  6 quokkas
  8 bats
  5 frilled lizards
  7 goblins
  4 kobolds
  3 rats
64 creatures vanquished.

Notes
Turn   | Place    | Note
-------+----------+-------------------------------------------
     0 | D:1      | BubbleThief the Octopode Shapeshifter began the quest for
                  | the Orb.
     0 | D:1      | Reached XP level 1. HP: 13/13 MP: 1/1
   242 | D:1      | Reached XP level 2. HP: 18/18 MP: 2/2
   351 | D:1      | Got the Verses on the Charnel House
   705 | D:2      | Reached XP level 3. HP: 24/24 MP: 3/3
   708 | D:2      | Found Ifu Wech's Magic Scroll Emporium.
   768 | D:2      | Found Quch's Jewellery Emporium.
   958 | D:2      | Found Jeky's Book Shop.
  1149 | D:2      | Found Toittimm's Jewellery Boutique.
  1279 | D:2      | Found Conloris's Jewellery Shop.
  1653 | D:3      | Found a faded altar of an unknown god.
  1674 | D:3      | Reached XP level 4. HP: 29/29 MP: 4/4
  2195 | D:4      | Reached XP level 5. HP: 21/36 MP: 5/5
  2441 | D:4      | HP: 1/36 [sleepcap (21)]
  2442 | D:4      | Slain by a sleepcap

Illustrated notes

Levels and vault maps discovered:
D:1:      dpeg_cavernosity, layout_basic, minmay_pentomino_z4
D:2:      layout_loops_ring, serial_shops, nicolae_shop_tiny_statue_garden,
          nicolae_lakefront_shop, shop, shop, shop
D:3:      layout_loops_cross, shapermc_ecumenical_altar_mp_ritualfount
D:4:      layout_basic, minmay_temple_entry_enclosed_plants

Skill      XL: |  1  2  3  4  5 |
---------------+----------------+-----
Fighting       | 2 3 |  3.0
Unarmed Combat | 4 |  4.2
Shapeshifting  | 4 |  4.0
Dodging        | |  2.0

Action                     |  1- 3 |  4- 6 || total
---------------------------+-------+-------++-------
  Melee: Unarmed           |    63 |    49 ||   112
         Constrict         |    14 |    11 ||    25
         Tentacles         |    11 |    12 ||    23
         Punch             |     2 |     1 ||     3
   Stab: Sleeping          |    16 |     5 ||    21
 Armour: Skin              |    24 |    19 ||    43
  Dodge: Dodged            |    27 |    26 ||    53

Table legend: (Time is in decaauts)
 A = Elapsed time spent in this place.
 B = Non-inter-level travel time spent in this place.
 C = Inter-level travel time spent in this place.
 D = Time resting spent in this place.
 E = Time spent auto-exploring this place.
 F = Levels seen in this place.
 G = Mean time per level.
                   A        B        C        D        E       F      G
               +--------+--------+--------+--------+--------+-----+--------+
         Total |   2432 |   2303 |    129 |      0 |   1923 |   4 |  608.0 |
       Dungeon |   2432 |   2303 |    129 |      0 |   1923 |   4 |  608.0 |
               +--------+--------+--------+--------+--------+-----+--------+

Top non-repeatable levels by time:
     D:3: 732 daAuts
     D:1: 697 daAuts
     D:2: 663 daAuts
     D:4: 339 daAuts
